 Dungeon Crawl Stone Soup version 0.20-a0-739-g6bb112f (webtiles) character file.

738 polly the Gusty (level 7, -8/52 HPs)
             Began as a Yellow Draconian Air Elementalist on Feb 25, 2017.
             Was an Initiate of Kikubaaqudgha.
             Killed from afar by an electric eel (11 damage)
             ... with a bolt of electricity
             ... on level 6 of the Dungeon.
             The game lasted 00:14:22 (6077 turns).

polly the Gusty (Yellow Draconian Air Elementalist) Turns: 6077, Time: 00:14:23

Health: -8/52      AC:  8    Str: 10    XL:     7   Next: 46%
Magic:  23/23      EV: 13    Int: 18    God:    Kikubaaqudgha [......]
Gold:   239        SH:  0    Dex: 11    Spells: 9/15 levels left

rFire    . . .     SeeInvis .   e - +0 whip
rCold    . . .     Gourm    .   (armour unavailable)
rNeg     . . .     Faith    +   (no shield)
rPois    .         Spirit   .   (helmet restricted)
rElec    .         Reflect  .   (no cloak)
rCorr    +         Harm     .   t - +1 pair of gloves
MR       .....                  (no boots)
Stlth    ++........             d - amulet of faith
Regen    0.2/turn               m - ring of magical power
MPRegen  0.2/turn               v - ring of wizardry

@: no status effects
A: spit acid, acid resistance, unfitting armour, cold-blooded, AC +6
a: Breathe Acid, Renounce Religion


You were on level 6 of the Dungeon.
You worshipped Kikubaaqudgha.
Kikubaaqudgha was noncommittal.
You were not hungry.

You visited 2 branches of the dungeon, and saw 7 of its levels.

You collected 239 gold pieces.

Inventory:

Hand Weapons
 e - a +0 whip (weapon)
Armour
 t - a +1 pair of gloves (worn)
Jewellery
 d - an amulet of faith (around neck)
 g - a +3 ring of protection
 m - a ring of magical power (right hand)
 v - a ring of wizardry (left hand)
 y - an uncursed ring of protection from cold
Wands
 u - a wand of enslavement (3/24)
Scrolls
 c - 2 scrolls of magic mapping {unknown}
 h - 3 scrolls of teleportation {unknown}
 i - 2 scrolls of fear {unknown}
 j - 5 scrolls of remove curse {unknown}
 l - 7 scrolls of identify {unknown}
 r - 2 scrolls of immolation {unknown}
 s - a scroll of random uselessness {unknown}
 w - a scroll of amnesia {unknown}
Potions
 f - a potion of ambrosia
 n - a potion of degeneration {unknown}
 o - a potion of heal wounds
 p - 3 potions of curing {unknown}
 q - 5 potions of resistance {unknown}
 x - a potion of agility {unknown}
Books
 a - a book of Air

   Spells                             Type                      Level
   a - Shock                          Conjuration/Air              1
   b - Swiftness                      Charms/Air                   2
   c - Static Discharge               Conjuration/Air              3
   d - Airstrike                      Air                          4
   e - Lightning Bolt                 Conjuration/Air              5
 A - a book of Maledictions

   Spells                             Type                      Level
   a - Corona                         Hexes                        1
   b - Ensorcelled Hibernation        Hexes/Ice                    2
   c - Confuse                        Hexes                        3
   d - Tukima's Dance                 Hexes                        3
   e - Dazzling Spray                 Conjuration/Hexes            3
Comestibles
 b - a bread ration
 k - 2 meat rations
 z - 3 royal jellies


   Skills:
 + Level 1.3 Fighting
   Level 0.2(1.1) Axes
 + Level 1.8 Maces & Flails
 + Level 3.1 Dodging
 + Level 2.3 Stealth
 + Level 4.9 Spellcasting
 + Level 3.0 Conjurations
 + Level 5.0 Air Magic


You had 9 spell levels left.
You knew the following spells:

 Your Spells              Type           Power        Failure   Level  Hunger
a - Shock                 Conj/Air       ###.         1%          1    None
b - Lightning Bolt        Conj/Air       ###.......   45%         5    ######.


Dungeon Overview and Level Annotations

Branches:
Dungeon (6/15)             Temple (1/1) D:5

Altars:
Ashenzari
Cheibriados
Dithmenos
Elyvilon
Fedhas
Gozag
Hepliaklqana
Kikubaaqudgha
Makhleb
Nemelex Xobeh
Okawaru
Qazlal
Ru
Sif Muna
Trog
Uskayaw
Vehumet
Wu Jian
Xom
Yredelemnul
Zin
The Shining One


Innate Abilities, Weirdness & Mutations

You can spit globs of acid.
You are resistant to acid.
Your golden yellow scales are hard. (AC +6)
You cannot fit into any form of body armour.
You are cold-blooded and may be slowed by cold attacks.


Message History

The electric eel shoots out a bolt of lightning at you!
The bolt of electricity hits you!
You enter the shallow water.
Moving in this stuff is going to be slow.
An electric eel comes into view.
The electric eel shoots out a bolt of lightning at you!
The bolt of electricity hits you! The bolt of electricity misses you.
You hit the electric eel but do no damage.
The electric eel shoots out a bolt of lightning at you!
The bolt of electricity misses you. x2
The electric eel shoots out a bolt of lightning at you!
The bolt of electricity hits you! x2
* * * LOW HITPOINT WARNING * * *
The electric eel shoots out a bolt of lightning at you!
The bolt of electricity hits you!
* * * LOW HITPOINT WARNING * * *
The electric eel shoots out a bolt of lightning at you!
The bolt of electricity hits you!
You die...
Kikubaaqudgha rasps: "You have failed me!
Welcome... death!"

##≈;.......≈≈..###
##≈≈......≈.###
###.....≈≈## ###'#####
#..# ##''## #....#
#....# ≈ #..@.# ..
≈≈≈######....######≈..P
≈≈≈≈≈≈≈#.####.#≈≈≈≈..P.
≈≈≈≈≈≈≈;## ##;≈≈≈....#
≈≈;≈≈≈### ###≈.P.P##
##### ######


You could see 2 electric eels.

Vanquished Creatures
  An ice beast (D:6)
  A scorpion (D:6)
  A water moccasin skeleton (D:6)
  4 hounds
  An orc priest (D:6)
  3 orc wizards
  4 worker ants
  A hound zombie (D:6)
  9 adders
  An adder skeleton (D:6)
  A worm (D:2)
  3 dart slugs
  7 leopard geckos
  10 orcs
  4 giant cockroaches
  3 goblins
  6 hobgoblins
  4 jackals (D:6)
  5 kobolds
  2 quokkas
  A ball python (D:6)
  6 bats
  A frilled lizard (D:5)
  A leopard gecko skeleton (D:4)
  7 rats
87 creatures vanquished.

Vanquished Creatures (others)
  An orc wizard (D:5)
1 creature vanquished.

Grand Total: 88 creatures vanquished

Notes
Turn   | Place    | Note
-------+----------+-------------------------------------------
     0 | D:1      | polly the Draconian Air Elementalist began the quest for the Orb.
     0 | D:1      | Reached XP level 1. HP: 14/14 MP: 3/3
   145 | D:1      | Reached XP level 2. HP: 20/20 MP: 0/5
   914 | D:2      | Reached XP level 3. HP: 26/26 MP: 3/6
  1616 | D:2      | Reached XP level 4. HP: 16/33 MP: 0/7
  3124 | D:4      | Found an iron altar of Okawaru.
  3173 | D:4      | Reached skill level 4 in Air Magic
  3180 | D:4      | Reached XP level 5. HP: 35/38 MP: 5/9
  3532 | D:5      | Entered Level 5 of the Dungeon
  3872 | D:5      | Reached XP level 6. HP: 29/45 MP: 8/11
  4119 | D:5      | Found a staircase to the Ecumenical Temple.
  4159 | Temple   | Entered the Ecumenical Temple
  4436 | Temple   | Became a worshipper of Kikubaaqudgha
  4618 | D:5      | Got a smoking pewter ring
  4703 | D:5      | Identified the ring "Wuecy" {Ice rN+ Dex+4} (You found it on level 5 of the Dungeon)
  4716 | D:5      | Learned a level 5 spell: Lightning Bolt
  5029 | D:6      | Reached skill level 1 in Fighting
  5029 | D:6      | Reached skill level 1 in Maces & Flails
  5034 | D:6      | Your scales start taking on a golden yellow colour.
  5034 | D:6      | Reached XP level 7. HP: 38/52 MP: 8/13
  5702 | D:6      | Reached skill level 5 in Air Magic
  6077 | D:6      | Killed from afar by an electric eel

Vault maps used:
D:1:      eino_arrival_water_star
D:2:      first_bread
D:3:      corexii_leaking_fountain, small_statue_intersection
D:4:      lemuel_crystal_altar
D:5:      minmay_temple_entry_glass, small_statue_intersection
D:6:      wad_lake_hut
Temple:   roderic_octagonal_lattice_temple

Skill      XL: |  1  2  3  4  5  6  7 |
---------------+----------------------+-----
Dodging        | 2 3 |  3.1
Stealth        | 2 |  2.3
Conjurations   | 2 3 |  3.0
Air Magic      | 4 5 |  5.0
Spellcasting   | 3 4 |  4.9
Fighting       | 1 |  1.3
Maces & Flails | 1 |  1.8
Axes           | |  0.2

Action                   |  1- 3 |  4- 6 |  7- 9 || total
-------------------------+-------+-------+-------++-------
Melee: Unarmed           |    27 |       |       ||    27
       Tailslap          |     3 |     7 |     5 ||    15
       Hand axe          |    10 |    22 |       ||    32
       Whip              |       |    45 |    37 ||    82
 Cast: Shock             |    70 |   160 |    60 ||   290
       Lightning Bolt    |       |     2 |       ||     2
  Use: Potion            |       |       |     2 ||     2
  Eat: Chunk             |     3 |    10 |       ||    13
       Royal jelly       |       |     1 |       ||     1
       Bread ration      |       |       |     1 ||     1
Armor: Skin              |    27 |    51 |    32 ||   110
Dodge: Dodged            |    51 |    81 |    59 ||   191
